 Dungeon Crawl Stone Soup version 0.22-a0-1003-g31bc37a (webtiles) character file.

171 cirnu the Skirmisher (level 5, -7/46 HPs)
             Began as an Abomination Chaos Knight on Nov 10, 2020.
             Mangled by a yaktaur (15 damage)
             ... summoned by a worldbinder
             ... summoned by the severe capriciousness of Xom
             ... on level 4 of the Dungeon.
             The game lasted 00:09:56 (1963 turns).

cirnu the Skirmisher (Abomination Chaos Knight)     Turns: 1963, Time: 00:09:58

Health: -7/46      AC:  5    Str: 15    XL:     5   Next: 81%
Magic:  6/6        EV: 11    Int: 12    God:    Xom [*.....]
Gold:   162        SH:  0    Dex:  9    Spells: 4/4 levels left

rFire    x x .     SeeInvis .   a - +0 hand axe (chaos)
rCold    . . .     Gourm    .   (no shield)
rNeg     . . .     Faith    +   b - +2 leather armour
rPois    .         Spirit   .   (no helmet)
rElec    .         Reflect  .   (no cloak)
rCorr    .         Harm     .   (gloves unavailable)
MR       .....                  (no boots)
Stlth    +.........             p - amulet of faith
HPRegen  0.55/turn              (ring unavailable)
MPRegen  0.10/turn              (ring unavailable)

@: no status effects
A: tentacle arms, two strong arms, no magic resistence, amphibious, 8 rings,
regeneration 1, heat vulnerability 2
a: Renounce Religion


You were on level 4 of the Dungeon.
You worshipped Xom.
You were a special plaything of Xom.
You were not hungry.
You have taken the pledge of Chaos.
You visited 1 branch of the dungeon, and saw 4 of its levels.

You collected 162 gold pieces.

Inventory:

Hand Weapons
 a - a +0 hand axe of chaos (weapon)
Armour
 b - a +2 leather armour (worn)
 n - a +0 pair of boots
Jewellery
 p - an amulet of faith (around neck)
 r - a +3 ring of intelligence (left tentacle)
 t - a +2 amulet of reflection {unknown}
Wands
 o - a wand of digging (25)
Scrolls
 f - 4 scrolls of remove curse {unknown}
 h - a scroll of fog {unknown}
 i - a scroll of enchant weapon {unknown}
 k - 2 scrolls of identify
 m - a scroll of magic mapping {unknown}
 s - a scroll of teleportation {unknown}
Potions
 d - 2 potions of curing
 g - a potion of haste {unknown}
 j - a potion of cancellation {unknown}
 l - a potion of berserk rage {unknown}
 q - a potion of lignification {unknown}
Comestibles
 c - 3 rations


   Skills:
 + Level 4.1 Fighting
 + Level 4.1 Axes
 + Level 2.1 Armour
 + Level 1.7 Dodging


You had 4 spell levels left.
You didn't know any spells.
Your spell library was empty.

Dungeon Overview and Level Annotations

Branches:
Dungeon (4/15)
 Temple: D:4-7

Altars:
Makhleb
Nemelex Xobeh
Uskayaw
Xom
The Shining One

Annotations:
D:2 Crazy Yiuf


Innate Abilities, Weirdness & Mutations

You have a mass of tentacles for a left arm.
You have two strong right arms.
Your body has no innate resistence to magic.
You have gills and webbed feet.
You can wear up to eight rings at the same time.
Your natural rate of healing is unusually fast.
You are very vulnerable to heat. (rF--)


Message History

The worldbinder calls forth creatures from the Vaults!
The worldbinder calls forth creatures from the Snake Pit!
The naga misses you. The naga barely misses you.
The worldbinder calls forth creatures from the Snake Pit!
The worldbinder calls forth creatures from the Vaults!
You hit the yaktaur.
You squeeze the yaktaur, but do no damage.
The yaktaur is lightly wounded.
You hit the yaktaur but do no damage.
The yaktaur resists with almost no effort.
You hit the worldbinder. You freeze the worldbinder.
You hit the worldbinder but do no damage.
You feel sick.
You are no longer poisoned.
The naga disappears in a puff of smoke!
The worldbinder closely misses you. x3
The worldbinder hits you. The yaktaur hits you!
* * * LOW HITPOINT WARNING * * *
The yaktaur hits you!
You die...
Xom laughs nastily!

#.#######.##..#.###
#..................
####..............#
.....#.##......... #
.###.#.###.##..#.# .#
.###.#.# #.##..#.###.##
.....#.# #.........N..###
...###.###..#..#xp.N.....
............#..c@x§N.....
...#...####.#.##c.##..###
..##(### #.#....(.......
..# #.####..##..### ..#
#.# #......# ..# #.#
#...##<# #.# #.# #.... .#
#.. ...... #. ###
###..###


You could see an ironheart preserver, 2 yaktaurs, 2 worldbinders and 3 nagas.

Vanquished Creatures
  Jessica (D:2)
  Terence (D:2)
  Robin (D:2)
  2 adders
  3 worms
  A dart slug (D:1)
  4 leopard geckos
  A bat skeleton (D:2)
  5 giant cockroaches
  10 goblins
  10 hobgoblins
  5 jackals
  A quokka (D:3)
  4 ball pythons
  8 bats
  7 frilled lizards
  4 kobolds
  8 rats
76 creatures vanquished.

Notes
Turn   | Place    | Note
-------+----------+-------------------------------------------
     0 | D:1      | cirnu the Abomination Chaos Knight began the quest for the Orb.
     0 | D:1      | Reached XP level 1. HP: 19/19 MP: 2/2
    44 | D:1      | Reached XP level 2. HP: 25/26 MP: 3/3
   142 | D:1      | XOM: harmless Ice miscast
   151 | D:1      | Reached XP level 3. HP: 31/31 MP: 4/4
   234 | D:1      | XOM: harmless Conj miscast
   325 | D:1      | Reached skill level 1 in Dodging
   464 | D:2      | Noticed Jessica
   477 | D:2      | Killed Jessica
   477 | D:2      | Reached XP level 4. HP: 36/40 MP: 5/5
   588 | D:2      | Found a faded altar of an unknown god.
   650 | D:2      | Found a glowing golden altar of the Shining One.
   677 | D:2      | XOM: noise
   692 | D:2      | XOM: harmless Pois miscast
   704 | D:2      | Noticed Robin
   713 | D:2      | Killed Robin
   729 | D:2      | Reached XP level 5. HP: 45/46 MP: 5/6
   738 | D:2      | Noticed Terence
   742 | D:2      | Killed Terence
   841 | D:2      | Found a runed door.
   845 | D:2      | Noticed Crazy Yiuf
   849 | D:2      | XOM: potion effect (heal wounds)
  1351 | D:3      | XOM: mild Air miscast
  1432 | D:3      | XOM: scenery: create altars
  1635 | D:3      | Found a sparkling altar of Nemelex Xobeh.
  1635 | D:3      | Found a hide-covered altar of Uskayaw.
  1635 | D:3      | Found a burning altar of Makhleb.
  1811 | D:3      | XOM: cloud trail
  1957 | D:4      | XOM: severe Summ miscast
  1958 | D:4      | Noticed a worldbinder
  1958 | D:4      | Noticed a worldbinder
  1961 | D:4      | Noticed a naga
  1962 | D:4      | Noticed an ironheart preserver
  1962 | D:4      | Noticed a naga
  1963 | D:4      | Noticed a naga
  1963 | D:4      | Noticed a naga
  1963 | D:4      | Noticed a yaktaur
  1963 | D:4      | Noticed a yaktaur
  1963 | D:4      | Mangled by a yaktaur

Vault maps used:
D:1:      lightli_arrival_windingriver, minmay_domino_4
D:2:      nicolae_tso_swordbearing_angel, chequers_ecumenical_altar_grove,
          minmay_surrounded, uniq_jessica, uniq_robin, uniq_crazy_yiuf_cottage,
          uniq_natasha, uniq_terence
D:3:      gammafunk_temple_overflow_claw, hangedman_decor_riveting,
          grunt_ministairs_10
D:4:      first_ration

Skill      XL: |  1  2  3  4  5 |
---------------+----------------+-----
Axes           | 3 4 |  4.1
Dodging        | 1 |  1.7
Armour         | 2 |  2.1
Fighting       | 4 |  4.1

Action                   |  1- 3 |  4- 6 || total
-------------------------+-------+-------++-------
Melee: Hand axe          |    80 |   103 ||   183
       Tentacles         |     5 |    17 ||    22
  Use: Scroll            |       |     2 ||     2
  Eat: Ration            |       |     1 ||     1
       Chunk             |       |     1 ||     1
Armor: Leather armour    |    42 |    28 ||    70
Dodge: Dodged            |    78 |    55 ||   133

Table legend:
 A = Spawn XP
 B = Non-spawn XP
 C = Spawn XP percentage of total XP
 D = Spawn monster count
 E = Non-spawn monster count
 F = Spawn count percentage of total count
 G = Total turns spent on level
                    A         B        C        D         E        F      G
               +---------+---------+-------+---------+---------+-------+---------
         Total |       0 |     245 |   0.0 |       0 |      76 |   0.0 |  1963
               +---------+---------+-------+---------+---------+-------+---------
           D:1 |       0 |      51 |   0.0 |       0 |      31 |   0.0 |   453
           D:2 |       0 |     139 |   0.0 |       0 |      29 |   0.0 |   763
           D:3 |       0 |      35 |   0.0 |       0 |      12 |   0.0 |   615
           D:4 |       0 |      20 |   0.0 |       0 |       4 |   0.0 |   132
               +---------+---------+-------+---------+---------+-------+---------
